 Dungeon Crawl Stone Soup version 0.31-a0-441-g867994ef1c (webtiles) character file.

Game seed: 17583913456775481555

3432 Xavori the Charlatan (level 10, -5/73 HPs)
             Began as a Djinni Chaos Knight on Aug 3, 2023.
             Was a Plaything of Xom.
             Slain by an iron imp (9 damage)
             ... summoned by Xom
             ... on level 7 of the Dungeon.
             The game lasted 00:08:40 (20078 turns).

Xavori the Charlatan (Djinni Chaos Knight)         Turns: 20078, Time: 00:08:40

Health: -5/73      AC: 10    Str: 16 (18) XL:     10   Next: 25%
Gold:   320        EV: 13    Int: 12 (13) God:    Xom [*.....] SH:  0 Dex:  9 (14)

rFire   + + .        k - +1 falchion (flame)
rCold   . . .        (no shield)
rNeg    . . .        b - +2 leather armour
rPois   ∞            (helmet restricted)
rElec   +            (no cloak)
rCorr   .            p - +0 pair of gloves of Winter {rElec rC+ Str-3}
SInv    .            (boots unavailable)
Will    +....        r - amulet of faith
Stlth   ++           s - +4 ring of protection
HPRegen 0.32/turn    A - +6 ring of strength
MPRegen 0.00/turn

%: clarity, resist mutation, faith, infuse magic (-6 HP)
@: flying
A: sickness immunity, fire resistance 2, cold vulnerability 1, float, innate
caster, HP casting, extra vitality 1, horns 1, clarity, deterioration 1,
mutation resistance 3, MP-powered wands, noise suppression
a: Renounce Religion


You were on level 7 of the Dungeon.
You worshipped Xom.
You were a special plaything of Xom.
You visited 1 branch of the dungeon, and saw 7 of its levels.
You also visited: Ossuary.

You collected 320 gold pieces.

Inventory:

Hand Weapons
 k - a +1 falchion of flaming (weapon)
Armour
 b - a +2 leather armour (worn)
 p - the +0 pair of gloves of Winter (worn) {rElec rC+ Str-3}
   (You found it on level 5 of the Dungeon)

   Str:       It affects your strength (-3).
   rC:        It protects you from cold.
   rElec:     It insulates you from electricity.
 D - the +0 cloak "Biloshufe" {Harm Will- Str-4 Int+2 Dex+8}
   (Xom gifted it to you on level 6 of the Dungeon)

   Str:       It affects your strength (-4).
   Int:       It affects your intelligence (+2).
   Dex:       It affects your dexterity (+8).
   Harm:      It increases damage dealt and taken.
   Will:      It decreases your willpower.
Jewellery
 r - an amulet of faith (around neck)
 s - a +4 ring of protection (left hand)
 A - a +6 ring of strength (right hand)
Wands
 g - a wand of mindburst (4)
 h - a wand of charming (5)
 C - a wand of flame (24)
Scrolls
 c - 3 scrolls of butterflies
 d - a scroll of fear
 e - 6 scrolls of immolation
 l - a scroll of poison
 q - a scroll of revelation
 u - a scroll of teleportation
 x - 2 scrolls of enchant weapon
 y - a scroll of vulnerability {unknown}
 z - 2 scrolls of enchant armour
 E - a scroll of brand weapon
 F - a scroll of amnesia {unknown}
Potions
 a - 2 potions of enlightenment {unknown}
 f - a potion of lignification {unknown}
 j - 2 potions of heal wounds
 m - 2 potions of attraction
 n - a potion of ambrosia {unknown}
 o - 3 potions of curing
 t - a potion of might {unknown}
 v - a potion of cancellation
 w - 2 potions of brilliance
 B - a potion of magic {unknown}
Miscellaneous
 i - a lightning rod (3/4)


   Skills:
 + Level 6.7 Fighting
 + Level 7.2 Long Blades
 + Level 5.3 Armour
 + Level 6.5 Dodging
 + Level 4.9 Stealth
 * Level 4.2 Spellcasting
 * Level 4.2 Conjurations
 * Level 4.2 Hexes
 * Level 4.2 Summonings
 * Level 4.2 Necromancy
 * Level 4.2 Translocations
 * Level 4.2 Transmutations
 * Level 4.2 Fire Magic
 * Level 4.2 Ice Magic
 * Level 4.2 Air Magic
 * Level 4.2 Earth Magic
 * Level 4.2 Poison Magic
 * Level 7.5 Evocations


You knew the following spells:

 Your Spells              Type           Power      Damage    Failure   Level
a - Kiss of Death         Conj/Necr      48%        2d9       4%          1
b - Call Imp              Summ           24%        N/A       7%          2
c - Vhi's Electric Charg  Tloc/Air       24%        N/A       13%         3
d - Iskenderun's Mystic   Conj/Tloc      12%        2d5       41%         4
Your spell library was empty.

Dungeon Overview and Level Annotations

Branches:
Dungeon (7/15)             Temple (0/1) D:6         Ossuary (visited)

Altars:
Wu Jian
Xom

Annotations:
D:7 Joseph


Innate Abilities, Weirdness & Mutations

You are immune to sickness and miasma.
You are immune to poison.
Your flesh is very heat resistant. (rF++)
You are vulnerable to cold. (rC-)
You float through the air rather than walking.
You learn spells naturally, not from books.
Your magical power is your life essence.
You have superior vitality. (+4 MHP)
You have a pair of small horns on your head.
You possess an exceptional clarity of mind.
Your body sometimes deteriorates upon taking damage.
You are almost entirely resistant to further mutation and mutation removal.
You expend health (3 HP) to strengthen your wands.
You passively dampen the noise of your surroundings.


Message History

The ufetubus closely misses you. The ufetubus hits you.
Joseph zaps a wand.
The puff of flame hits you. You resist.
You hit Joseph but do no damage. You headbutt Joseph!
Joseph is severely wounded.
The quasit closely misses you.
The quasit claws you but does no damage.
The quasit misses you. The ufetubus closely misses you.
The ufetubus barely misses you.
The ufetubus hits you but does no damage. x2
The iron imp hits you. Joseph completely misses you.
The iron imp puffs mist at you. The iron imp hits you.
Unknown command.
You slash Joseph! You burn Joseph. You headbutt Joseph.
Joseph is almost dead.
The ufetubus closely misses you. x2
The quasit bites you but does no damage.
The quasit closely misses you. The quasit misses you.
The ufetubus hits you but does no damage. x2
The ufetubus closely misses you.
The ufetubus hits you but does no damage.
The quasit bites you.
You feel clumsy.
The quasit claws you but does no damage. x2
The ufetubus hits you but does no damage.
The ufetubus barely misses you.
Unknown command.
You hit Joseph. You burn Joseph.
Joseph is almost dead.
Joseph hits you with a +0 quarterstaff!
* * * LOW HITPOINT WARNING * * *
Your body deteriorates!
You feel weakened.
The ufetubus hits you but does no damage.
The ufetubus hits you.
* * * LOW HITPOINT WARNING * * *
The iron imp hits you.
* * * LOW HITPOINT WARNING * * *
The ufetubus closely misses you. The ufetubus barely misses you.
The iron imp hits you!
You die...

......#.......# ......#.......#
......#+###+######+#####
#####...................
....#...................
....#...................
'####......... .........
..........)###+#55......
...........#...5@@5....######
...........#...#55.....#....#
...........#...#########....#
...........#...##......'....#
...........#...##.....##....#
...........#..........##....###
#+###......#...........#......#
#.........>.#......##
#...#############.<.#


You could see Joseph, 3 iron imps, a quasit (summoned) and 2 ufetubi.

Vanquished Creatures
  Maggie (D:6)
  Grinder (D:6)
  Eustachio (D:4)
  Sigmund (D:5)
  2 water moccasins
  4 orc warriors (D:6)
  2 ice beasts
  2 black bears (D:6)
  3 wights (D:6)
  A vampire bat (D:3)
  2 jellies
  3 hounds
  A sleepcap (D:5)
  4 iguanas
  4 orc wizards
  3 mummies (Ossuary)
  A gnoll (D:1)
  6 adders
  A river rat (D:3)
  A white imp (D:6)
  2 adder zombies (Ossuary)
  A worm (D:2)
  27 orcs
  6 endoplasms
  3 giant cockroaches
  A gnoll zombie (Ossuary)
  14 goblins
  5 hobgoblins
  12 jackals
  2 quokkas
  10 ball pythons
  6 bats
  A frilled lizard (D:1)
  2 goblin zombies (Ossuary)
  2 hobgoblin zombies (Ossuary)
  5 kobolds
  6 kobold zombies (Ossuary)
  4 quokka zombies (Ossuary)
  3 rats
  A rat zombie (Ossuary)
157 creatures vanquished.

Vanquished Creatures (collateral kills)
  Robin (D:2)
  5 bats (D:3)
  3 goblins (D:2)
  2 hobgoblins (D:2)
11 creatures vanquished.

Grand Total: 168 creatures vanquished

Notes
Turn   | Place    | Note
-------+----------+-------------------------------------------
     0 | D:1      | Xavori the Djinni Chaos Knight began the quest for the Orb.
     0 | D:1      | Reached XP level 1. HP: 20/20 MP: 0/0
    10 | D:1      | XOM: divination: detect items
    16 | D:1      | XOM: silly message
    88 | D:1      | Reached XP level 2. HP: 25/25 MP: 0/0
   163 | D:1      | Reached XP level 3. HP: 26/30 MP: 0/0
   163 | D:1      | Learned a level 1 spell: Kiss of Death
  1112 | D:1      | XOM: give mutations
  1112 | D:1      | Gained mutation: You possess an exceptional clarity of
                  | mind. [Xom's mischief]
  1112 | D:1      | Gained mutation: You are frail. (-10% HP) [Xom's mischief]
  1112 | D:1      | Gained mutation: A frigid envelope surrounds you and
                  | freezes all who hurt you. [Xom's mischief]
  1266 | D:1      | XOM: give mutations
  1266 | D:1      | Gained mutation: You are dopey. (Int -2) [Xom's mischief]
  1266 | D:1      | Lost mutation: You are dopey. (Int -2) [Xom's mischief]
  1326 | D:1      | XOM is BORED!
  1326 | D:1      | XOM: stat loss: -3 Int (10/13)
  2101 | D:1      | XOM: noise
  2198 | D:1      | XOM: summons 1 hostile shadow creature
  2227 | D:1      | XOM: god gift: fluorescent wand {god gift}
  2713 | D:1      | XOM: summons 3 hostile shadow creatures
  2922 | D:1      | XOM: give mutations
  2922 | D:1      | Gained mutation: You passively dampen the noise of your
                  | surroundings. [Xom's grace]
  2922 | D:1      | Gained mutation: You have a pair of small horns on your
                  | head. [Xom's grace]
  3355 | D:1      | XOM: give mutations
  3355 | D:1      | Gained mutation: You passively map a small area around you.
                  | [Xom's grace]
  3355 | D:1      | Gained mutation: Your mind is acute. (Int +4, Str/Dex -1)
                  | [Xom's grace]
  3539 | D:1      | XOM: 6-stop teleportation journey
  3721 | D:1      | XOM: divination: magic mapping
  4480 | D:1      | XOM: noise
  4683 | D:1      | XOM: god gift: 3 scrolls labelled HUCOSE EKABIM {god gift}
  4716 | D:1      | XOM: cloud trail
  5369 | D:1      | XOM is BORED!
  5369 | D:1      | XOM: summons 1 hostile shadow creature
  5496 | D:1      | XOM: summons 2 hostile demons
  6242 | D:1      | XOM: torment (15/27 hp)
  6464 | D:1      | XOM: give mutations
  6464 | D:1      | Gained mutation: You have a pair of horns on your head.
                  | [Xom's grace]
  6464 | D:1      | Gained mutation: Your spells are a little harder to cast,
                  | but a little more powerful. [Xom's grace]
  6464 | D:1      | Gained mutation: You have very sharp teeth. [Xom's grace]
  6583 | D:1      | XOM: give mutations
  6583 | D:1      | Gained mutation: You are agile. (Dex +4, Str/Int -1) [Xom's
                  | grace]
  6583 | D:1      | Gained mutation: You passively map the area around you.
                  | [Xom's grace]
  6583 | D:1      | Gained mutation: You expend health (3 HP) to strengthen
                  | your wands. [Xom's grace]
  6583 | D:1      | Gained mutation: You are resistant to electric shocks.
                  | (rElec) [Xom's grace]
  7063 | D:1      | XOM: cloud trail
  7174 | D:1      | XOM: silly message
  7180 | D:1      | XOM: god gift: short gold wand {god gift}
  8325 | D:1      | XOM: draining
  8511 | D:1      | XOM: god gift: lightning rod (4/4)
  8809 | D:1      | XOM: give mutations
  8809 | D:1      | Lost mutation: Your mind is acute. (Int +4, Str/Dex -1)
                  | [Xom's mischief]
  8809 | D:1      | Lost mutation: You possess an exceptional clarity of mind.
                  | [Xom's mischief]
  8809 | D:1      | Lost mutation: You passively map the area around you.
                  | [Xom's mischief]
  8813 | D:1      | XOM: give mutations
  8813 | D:1      | Lost mutation: You are resistant to electric shocks.
                  | (rElec) [Xom's mischief]
  8813 | D:1      | Gained mutation: You are very frail. (-20% HP) [Xom's
                  | mischief]
  8813 | D:1      | Lost mutation: You are agile. (Dex +4, Str/Int -1) [Xom's
                  | mischief]
  8813 | D:1      | Gained mutation: You sometimes lose your temper in combat.
                  | [Xom's mischief]
  8850 | D:1      | XOM: give mutations
  8850 | D:1      | Lost mutation: You are very frail. (-20% HP) [Xom's
                  | mischief]
  8850 | D:1      | Lost mutation: You sometimes lose your temper in combat.
                  | [Xom's mischief]
  8850 | D:1      | Lost mutation: You have a pair of horns on your head.
                  | [Xom's mischief]
  8850 | D:1      | Lost mutation: A frigid envelope surrounds you and freezes
                  | all who hurt you. [Xom's mischief]
  8925 | D:1      | XOM: summons 1 hostile shadow creature
  8926 | D:1      | XOM: polymorph kobold -> gnoll
  8948 | D:1      | XOM is BORED!
  9540 | D:1      | XOM: stat loss: -1 Str (12/13)
  9792 | D:2      | XOM: 2-stop teleportation journey
  9796 | D:2      | Noticed Robin
  9797 | D:2      | XOM: summons 3 friendly demons
  9804 | D:2      | Reached XP level 4. HP: 19/28 MP: 0/0
  9817 | D:2      | Killed Robin
  9824 | D:2      | XOM: polymorph iron imp -> cerulean imp
 10436 | D:2      | XOM: give mutations
 10436 | D:2      | Gained mutation: Your mind is acute. (Int +4, Str/Dex -1)
                  | [Xom's mischief]
 10436 | D:2      | Gained mutation: You are agile. (Dex +4, Str/Int -1) [Xom's
                  | mischief]
 10570 | D:2      | XOM: draining
 11500 | D:2      | XOM: summons 3 hostile demons
 12349 | D:2      | XOM: cloud trail
 12984 | D:2      | XOM: scenery: create altars
 13210 | D:2      | XOM: silly message
 13446 | D:2      | XOM: god gift: bubbling black potion {god gift}
 13634 | D:2      | XOM: noise
 13675 | D:2      | XOM: give mutations
 13675 | D:2      | Lost mutation: You passively map a small area around you.
                  | [Xom's mischief]
 13675 | D:2      | Lost mutation: You are frail. (-10% HP) [Xom's mischief]
 13675 | D:2      | Gained mutation: You are somewhat resistant to further
                  | mutation. [Xom's mischief]
 13675 | D:2      | Lost mutation: You expend health (3 HP) to strengthen your
                  | wands. [Xom's mischief]
 14142 | D:2      | XOM: stat loss: -1 Int (13/16)
 14325 | D:2      | XOM: silly message
 15036 | D:2      | XOM: draining
 15497 | D:2      | XOM: give mutations
 15497 | D:2      | Gained mutation: Your natural rate of healing is unusually
                  | fast. [Xom's mischief]
 15497 | D:2      | Gained mutation: Your body sometimes deteriorates upon
                  | taking damage. [Xom's mischief]
 15497 | D:2      | Lost mutation: Your mind is acute. (Int +4, Str/Dex -1)
                  | [Xom's mischief]
 15662 | D:2      | XOM: noise
 15808 | D:3      | Reached XP level 5. HP: 29/30 MP: 0/0
 15808 | D:3      | Learned a level 2 spell: Call Imp
 15821 | D:3      | XOM: chaos upgrade
 15996 | D:3      | Noticed a water moccasin
 16002 | D:3      | XOM: scenery: create altars
 16279 | D:3      | Reached skill level 1 in Spellcasting
 16279 | D:3      | Reached skill level 1 in Conjurations
 16279 | D:3      | Reached skill level 1 in Hexes
 16279 | D:3      | Reached skill level 1 in Summonings
 16279 | D:3      | Reached skill level 1 in Necromancy
 16279 | D:3      | Reached skill level 1 in Translocations
 16279 | D:3      | Reached skill level 1 in Transmutations
 16279 | D:3      | Reached skill level 1 in Fire Magic
 16279 | D:3      | Reached skill level 1 in Ice Magic
 16279 | D:3      | Reached skill level 1 in Air Magic
 16279 | D:3      | Reached skill level 1 in Earth Magic
 16279 | D:3      | Reached skill level 1 in Poison Magic
 16279 | D:3      | Reached skill level 1 in Evocations
 16416 | D:3      | Reached skill level 1 in Stealth
 16416 | D:3      | Reached XP level 6. HP: 43/44 MP: 0/0
 16495 | D:3      | XOM: enchant monster (good)
 16510 | D:3      | Killed a water moccasin
 16610 | D:3      | You are sucked into a shaft and drop 1 floor!
 17010 | D:4      | Noticed Eustachio
 17036 | D:4      | XOM: 3-stop teleportation journey
 17198 | D:4      | XOM: smoke on damage
 17266 | D:4      | Reached XP level 7. HP: 51/51 MP: 0/0
 17266 | D:4      | Learned a level 3 spell: Vhi's Electric Charge
 17321 | D:4      | XOM: confuse monster(s)
 17327 | D:4      | XOM: fake destruction
 17336 | D:4      | Killed Eustachio
 17460 | D:5      | Entered Level 5 of the Dungeon
 17464 | D:5      | XOM: smoke on damage
 17465 | D:5      | XOM: 1-stop teleportation journey
 17516 | D:5      | Identified the +0 pair of gloves of Winter {rElec rC+
                  | Str-3}
 17632 | D:5      | Noticed Sigmund
 17657 | D:5      | Killed Sigmund
 17658 | D:5      | Reached XP level 8. HP: 40/58 MP: 0/0
 17659 | D:5      | XOM: scenery: create altars
 17797 | D:5      | XOM: 1-stop teleportation journey
 17798 | D:5      | XOM: enchant monster (bad)
 17801 | D:5      | XOM: stat loss: -1 Int (11/12)
 18144 | D:5      | XOM: scenery: create altars
 18211 | D:5      | XOM: give mutations
 18211 | D:5      | Lost mutation: You have very sharp teeth. [Xom's mischief]
 18211 | D:5      | Lost mutation: Your spells are a little harder to cast, but
                  | a little more powerful. [Xom's mischief]
 18227 | D:5      | Reached skill level 5 in Armour
 18227 | D:5      | Reached XP level 9. HP: 66/66 MP: 0/0
 18227 | D:5      | Learned a level 4 spell: Iskenderun's Mystic Blast
 18315 | D:5      | Identified the +0 leather armour "Ucio" {Fly rC+}
 18453 | D:5      | XOM: god gift: silver javelin
 18667 | D:6      | Found an ornate altar of the Wu Jian Council.
 18690 | D:6      | Found a sand-covered staircase.
 18697 | Ossuary  | Entered an ossuary
 18881 | D:6      | XOM: give mutation
 18881 | D:6      | Gained mutation: You are somewhat resistant to both further
                  | mutation and mutation removal. [Xom's grace]
 18895 | D:6      | XOM: summons friendly shadow imp
 18921 | D:6      | XOM: god gift: runed arbalest {god gift}
 18931 | D:6      | XOM: cloud trail
 18942 | D:6      | XOM: give mutations
 18942 | D:6      | Gained mutation: You possess an exceptional clarity of
                  | mind. [Xom's grace]
 18942 | D:6      | Gained mutation: You are almost entirely resistant to
                  | further mutation and mutation removal. [Xom's grace]
 18990 | D:6      | Noticed Maggie
 18998 | D:6      | XOM: cleaving
 19001 | D:6      | XOM: potion effect (berserk rage)
 19005 | D:6      | XOM: chaos upgrade
 19006 | D:6      | Killed Maggie
 19013 | D:6      | XOM: blink monster(s)
 19065 | D:6      | Found a staircase to the Ecumenical Temple.
 19081 | D:6      | XOM: give mutations
 19081 | D:6      | Gained mutation: You expend health (3 HP) to strengthen
                  | your wands. [Xom's mischief]
 19081 | D:6      | Lost mutation: Your natural rate of healing is unusually
                  | fast. [Xom's mischief]
 19081 | D:6      | Lost mutation: You are agile. (Dex +4, Str/Int -1) [Xom's
                  | mischief]
 19113 | D:6      | Reached XP level 10. HP: 69/73 MP: 0/0
 19155 | D:6      | XOM: polymorph orc -> jackal
 19196 | D:6      | XOM: draining
 19200 | D:6      | Noticed Grinder
 19204 | D:6      | Paralysed by Grinder for 2 turns
 19205 | D:6      | XOM: scenery: create altars
 19223 | D:6      | Killed Grinder
 19263 | D:6      | Identified the +0 cloak "Biloshufe" {Harm Will- Str-4 Int+2
                  | Dex+8} (Xom gifted it to you on level 6 of the Dungeon)
 19263 | D:6      | XOM: god gift: +0 cloak "Biloshufe" {Harm Will- Str-4 Int+2
                  | Dex+8}
 19376 | D:6      | XOM: fog
 19394 | D:6      | XOM: summons 2 friendly demons
 19475 | D:6      | XOM: god gift: +6 ring of strength
 19559 | D:6      | XOM: 3-stop teleportation journey
 20004 | D:7      | XOM: 2-stop teleportation journey
 20060 | D:7      | Noticed Joseph
 20072 | D:7      | XOM: summons 6 hostile demons
 20078 | D:7      | Slain by an iron imp

Illustrated notes

Levels and vault maps discovered:
D:1:      lightli_arrival_maybe_door_vault, layout_rooms, minmay_crystal_water
D:2:      layout_basic, basic_altar, minmay_strange_pillars,
          kennysheep_decorative_pillar, uniq_robin
D:3:      wad_crossroads, layout_basic, kennysheep_orc_sif_temple,
          serial_corexii_hall, chequers_hall_statues_wall_a,
          corexii_hall_statues_t, roderic_batcave
D:4:      layout_cave_pools, uniq_eustachio
D:5:      layout_layer_cave, uniq_sigmund
D:6:      layout_loops_ring, mainiacjoe_overflow_six_doors_small,
          minmay_temple_entry_hall, chequers_ossuary_entry_cave, uniq_maggie,
          uniq_grinder
D:7:      layout_gridville, mainiacjoe_overflow_alcove_1, fedhas_altar_1,
          serial_shops, nicolae_take_the_stairs, chequers_mini_garden,
          uniq_joseph

Skill      XL: |  1  2  3  4  5  6  7  8  9 10 |
---------------+-------------------------------+-----
Long Blades    | 3 4 6 7 |  7.2
Armour         | 2 5 |  5.3
Spellcasting   | 1 3 4 |  4.2
Conjurations   | 1 3 4 |  4.2
Hexes          | 1 3 4 |  4.2
Summonings     | 1 3 4 |  4.2
Necromancy     | 1 3 4 |  4.2
Translocations | 1 3 4 |  4.2
Transmutations | 1 3 4 |  4.2
Fire Magic     | 1 3 4 |  4.2
Ice Magic      | 1 3 4 |  4.2
Air Magic      | 1 3 4 |  4.2
Earth Magic    | 1 3 4 |  4.2
Poison Magic   | 1 3 4 |  4.2
Evocations     | 1 2 7 |  7.5
Stealth        | 1 2 4 |  4.9
Dodging        | 3 6 |  6.5
Fighting       | 4 6 |  6.7

Action                     |  1- 3 |  4- 6 |  7- 9 | 10-12 || total
---------------------------+-------+-------+-------+-------++-------
  Melee: Falchion          |    80 |   168 |   175 |   109 ||   532
         Punch             |     2 |     2 |     1 |     2 ||     7
         Headbutt          |     3 |    30 |    42 |    26 ||   101
         Bite              |     2 |    19 |     4 |       ||    25
  Evoke: Wand              |       |     2 |       |       ||     2
         Lightning rod     |       |       |     1 |     1 ||     2
    Use: Scroll            |     1 |     1 |    10 |     3 ||    15
         Potion            |       |     1 |     2 |       ||     3
   Stab: Sleeping          |       |     2 |     7 |     2 ||    11
         Petrified         |       |    13 |       |       ||    13
         Confused          |       |       |     1 |       ||     1
 Armour: Leather armour    |    32 |    74 |    39 |    48 ||   193
  Dodge: Dodged            |    61 |   137 |   100 |    84 ||   382

Table legend: (Time is in decaauts)
 A = Elapsed time spent in this place.
 B = Non-inter-level travel time spent in this place.
 C = Inter-level travel time spent in this place.
 D = Time resting spent in this place.
 E = Time spent auto-exploring this place.
 F = Levels seen in this place.
 G = Mean time per level.
                   A        B        C        D        E       F      G
               +--------+--------+--------+--------+--------+-----+--------+
         Total |  20120 |  19967 |    153 |  14899 |   3794 |   8 | 2515.0 |
       Dungeon |  19967 |  19814 |    153 |  14899 |   3733 |   7 | 2852.4 |
       Ossuary |    152 |    152 |      0 |      0 |     61 |   1 |  152.0 |
               +--------+--------+--------+--------+--------+-----+--------+

Top non-repeatable levels by time:
     D:1: 9417 daAuts
     D:2: 6026 daAuts
     D:3: 1404 daAuts
     D:6: 1168 daAuts
     D:5: 1124 daAuts
     D:4: 649 daAuts
     D:7: 176 daAuts
 Ossuary: 152 daAuts
